 Dungeon Crawl Stone Soup version 0.30-a0-879-ga8ba668304 (webtiles) character file.

Game seed: 17905884921797707431

11 domi the Conjurer (level 2, 19/19 HPs)
             Began as a Demonspawn Conjurer on Mar 13, 2023.
             Got out of the dungeon alive.
             The game lasted 00:01:00 (706 turns).

domi the Conjurer (Demonspawn Conjurer)              Turns: 706, Time: 00:01:00

Health: 19/19      AC:  3    Str:  7    XL:     2   Next: 17%
Magic:  5/5        EV: 12    Int: 19    God:
Gold:   6          SH:  0    Dex: 11    Spells: 4/5 levels left

rFire   . . .      SeeInvis .    (no weapon)
rCold   . . .      Faith    .    (no shield)
rNeg    . . .      Spirit   .    a - +0 robe
rPois   .          Reflect  .    f - +1 hat
rElec   .          Rampage  .    (no cloak)
rCorr   .                        (no gloves)
Will    .....                    (no boots)
Stlth   ++                       (no amulet)
HPRegen 0.23/turn                (no ring)
MPRegen 0.09/turn                (no ring)

@: no status effects
A: powered by pain 1
a: no special abilities


You escaped.
You visited 1 branch of the dungeon, and saw 1 of its levels.

You collected 6 gold pieces.

Inventory:

Armour
 a - a +0 robe (worn)
 f - a +1 hat (worn)
   (You found it on level 1 of the Dungeon)
Jewellery
 e - a ring of flight {+Fly, !d}
   (You found it on level 1 of the Dungeon)
Scrolls
 d - a scroll of teleportation {unknown}
 i - a scroll of blinking {unknown}
Potions
 b - a potion of magic
 c - a potion of brilliance {unknown}
 g - a potion of attraction {unknown}
 h - a potion of degeneration {unknown}


   Skills:
 - Level 1.7 Dodging
 - Level 1.7 Stealth
 - Level 2.0 Spellcasting
 + Level 4.5 Conjurations


You had 4 spell levels left.
You knew the following spells:

 Your Spells              Type           Power      Damage    Failure   Level
z - Magic Dart            Conj           76%        1d6       2%          1

Your spell library contained the following spells:

 Spells                   Type           Power      Damage    Failure   Level
 Searing Ray              Conj           38%        2d5       4%          2
 Dazzling Flash           Conj/Hex       20%        N/A       21%         3
 Fulminant Prism          Conj/Hex       5%         3d7       54%         4
 Iskenderun's Mystic Bla  Conj/Tloc      10%        2d4       54%         4


Dungeon Overview and Level Annotations

Branches:
Dungeon (1/15)

Altars:

Shops:
D:1 !


Innate Abilities, Weirdness & Mutations

You sometimes gain a little power by taking damage.


Message History

Aim: a ball python (asleep, 100% to hit)
The magic dart hits the ball python.
Aim: a ball python (moderately wounded, 100% to hit)
The magic dart hits the ball python.
You kill the ball python!
Aim: a hobgoblin (100% to hit)
The magic dart hits the hobgoblin.
You don't have enough magic to cast this spell.
You hit the hobgoblin.
You kill the hobgoblin!
A bat comes into view.
You see here a hobgoblin corpse.
A bat is nearby!
You don't have enough magic to cast this spell.
You see here a scroll labelled WAODANK YWUCOXT.
i - a scroll labelled WAODANK YWUCOXT The helpless bat fails to defend itself.
You hit the bat. The bat barely misses you.
The bat hits you but does no damage. The bat completely misses you.
The bat hits you but does no damage.
You miss the bat. The bat misses you. The bat barely misses you.
The bat misses you. The bat closely misses you. The bat hits you.
You hit the bat. The bat misses you. The bat barely misses you.
You hit the bat. The bat hits you but does no damage. x2
You barely miss the bat. The bat hits you but does no damage.
You miss the bat. The bat hits you but does no damage.
The bat hits you but does no damage.
You closely miss the bat. The bat misses you.
You barely miss the bat. The bat hits you.
You hit the bat.
You kill the bat!
No target in view!
No target in view!
A bat and a dart slug come into view.
There are monsters nearby!
Aim: a dart slug (100% to hit)
The magic dart hits the dart slug.
The dart slug launches a dart at you. The slug dart misses you.
Aim: a dart slug (moderately wounded, 100% to hit)
The magic dart hits the dart slug but does no damage.
Aim: a dart slug (moderately wounded, 100% to hit)
The magic dart hits the dart slug.
You don't have enough magic to cast this spell.
You don't have enough magic to cast this spell.
You don't have enough magic to cast this spell.
The dart slug launches a dart at you. The slug dart misses you.
Really walk into that dispersal trap?
You enter a dispersal trap!
You blink.
You start resting.
A ball python comes into view.
Aim: a ball python (asleep, 100% to hit)
The magic dart hits the ball python.
The ball python hisses angrily.
Aim: a ball python (moderately wounded, 100% to hit)
The magic dart hits the ball python.
The ball python closely misses you. The ball python grabs you.
The ball python constricts you. The ball python barely misses you.
The ball python constricts you.
Aim: a ball python (severely wounded, constricting you, 100% to hit)
The magic dart hits the ball python.
You kill the ball python!
A bat is nearby!
A bat is nearby!
Aim: a bat (asleep, 100% to hit)
You miscast Magic Dart.
You are very lightly contaminated with residual magic.
Nothing appears to happen.
Aim: a bat (100% to hit)
The magic dart hits the bat.
You kill the bat!
You have reached level 2!
Your demonic ancestry asserts itself...
You feel energised by your suffering.
Your magical contamination has completely faded away.
You can't go up here!
(D) Dungeon
Where to? (Enter - D:1 @ (x,y), ? - help)
Aim: a dart slug (lightly wounded, wandering, hasn't noticed you, 100% to hit)
The magic dart hits the dart slug.
The dart slug launches a dart at you. The slug dart misses you.
Aim: a dart slug (moderately wounded, 100% to hit)
The magic dart hits the dart slug.
Aim: a dart slug (severely wounded, 100% to hit)
The magic dart hits the dart slug.
You kill the dart slug!
You can't see any susceptible monsters within range! (Use Z to cast anyway.)
You can't see any susceptible monsters within range! (Use Z to cast anyway.)
(D) Dungeon
Where to? (Enter - D:1 @ (x,y), ? - help)
There is a staircase leading out of the dungeon here.
Are you sure you want to leave the Dungeon?
This will make you lose the game!
You have escaped!

.#.#####.#.#.#.###.#######.......
...# #.....#...#...#....##.......
######.#########.###.##.......†..
...#.....#.# #.....##.#........
#.#.###.#.# ###.####.#.###.###
#...# #...# #.^.##.#.# #.#
###.###.#.### ###.##.#.# #.#
#.....#...# ###...##.#.###.##
#########.###@#.####.#.#....#
..............# #.#.#....#
############### ##.#.#....#
#..#.###.### #.######....
#..^8^..#### #######.....
#....#### ####.#


There were no monsters in sight!

Vanquished Creatures
  A dart slug (D:1)
  2 bats (D:1)
  An endoplasm (D:1)
  A hobgoblin (D:1)
  2 ball pythons (D:1)
  A frilled lizard (D:1)
  2 rats (D:1)
10 creatures vanquished.

Notes
Turn   | Place    | Note
-------+----------+-------------------------------------------
     0 | D:1      | domi the Demonspawn Conjurer began the quest for the Orb.
     0 | D:1      | Reached XP level 1. HP: 13/13 MP: 3/3
   223 | D:1      | Found Zoel's Distillery.
   628 | D:1      | Gained mutation: You sometimes gain a little power by
                  | taking damage. [demonic ancestry]
   628 | D:1      | Reached XP level 2. HP: 19/19 MP: 1/5
   706 | D:$      | Got out of the dungeon alive.

Illustrated notes

Levels and vault maps discovered:
D:1:      elethiomel_arrival_maze, layout_basic, serial_shops, shop,
          ebering_dispersal_statue_hall

Action                     || total
---------------------------++-------
  Melee: Unarmed           ||    10
   Cast: Magic Dart        ||    20
   Stab: Sleeping          ||     1
 Armour: Robe              ||     7
  Dodge: Dodged            ||    14

Table legend: (Time is in decaauts)
 A = Elapsed time spent in this place.
 B = Non-inter-level travel time spent in this place.
 C = Inter-level travel time spent in this place.
 D = Time resting spent in this place.
 E = Time spent auto-exploring this place.
 F = Levels seen in this place.
 G = Mean time per level.
                   A        B        C        D        E       F      G
               +--------+--------+--------+--------+--------+-----+--------+
         Total |    706 |    634 |     72 |     15 |    526 |   1 |  706.0 |
       Dungeon |    706 |    634 |     72 |     15 |    526 |   1 |  706.0 |
               +--------+--------+--------+--------+--------+-----+--------+

Top non-repeatable levels by time:
     D:1: 706 daAuts

Table legend:
 A = Kills in this place as a percentage of kills in the entire game.
 B = Kills by you in this place as a percentage of kills by you in the entire game.
 C = Kills by friends in this place as a percentage of kills by friends in the entire game.
 D = Other kills in this place as a percentage of other kills in the entire game.
 E = Experience gained in this place as a percentage of experience gained in the entire game.
 F = Experience gained in this place divided by the number of levels of this place that you have seen.
                   A       B       C       D       E      F
               +-------+-------+-------+-------+-------+----------------------
         Total | 100.0 | 100.0 |   N/A |   N/A | 100.0 |  17.0
       Dungeon | 100.0 | 100.0 |   N/A |   N/A | 100.0 |  17.0
               +-------+-------+-------+-------+-------+----------------------
